 Dungeon Crawl Stone Soup version 0.20-a0-555-gf6ae02d (webtiles) character file.

28 MirrMurr the Magician (level 3, -1/21 HPs)
             Began as an Octopode Wizard on Feb 7, 2017.
             Killed by nerve-wracking pain
             ... invoked by Jessica
              (2 damage)
             ... on level 1 of the Dungeon.
             The game lasted 00:02:56 (1271 turns).

MirrMurr the Magician (Octopode Wizard)             Turns: 1271, Time: 00:02:57

Health: -1/21      AC:  1    Str:  6    XL:     3   Next: 12%
Magic:  2/8        EV: 13    Int: 21    God:
Gold:   33         SH:  0    Dex: 10    Spells: 6/9 levels left

rFire    . . .     SeeInvis .   (no weapon)
rCold    . . .     Gourm    .   (no shield)
rNeg     . . .     Faith    .   a - +0 hat
rPois    .         Spirit   .   (no amulet)
rElec    .         Reflect  .   (no ring)
rCorr    .         Harm     .   (no ring)
MR       .....                  (no ring)
Stlth    +++.......             (no ring)
Regen    0.1/turn               (no ring)
                                (no ring)
                                (no ring)
                                (no ring)

@: very slightly contaminated
A: almost no armour, stealthy swim, amphibious, 8 rings, constrict 8, camouflage
1, gelatinous body 1
a: no special abilities


You were on level 1 of the Dungeon.
You were not hungry.

You visited 1 branch of the dungeon, and saw 2 of its levels.

You collected 33 gold pieces.

Inventory:

Armour
 a - a +0 hat (worn)
Jewellery
 k - an uncursed ring of flight {unknown}
Scrolls
 d - 2 scrolls of identify {unknown}
 h - 2 scrolls of teleportation {unknown}
Potions
 e - a potion of resistance {unknown}
 g - 2 potions of lignification {unknown}
 j - a potion of heal wounds {unknown}
 l - a potion of brilliance {unknown}
 m - a potion of magic {unknown}
Books
 b - a book of Minor Magic

   Spells                             Type                      Level
   a - Magic Dart                     Conjuration                  1
   b - Blink                          Translocation                2
   c - Call Imp                       Summoning                    2
   d - Repel Missiles                 Charms/Air                   2
   e - Slow                           Hexes                        2
   f - Conjure Flame                  Conjuration/Fire             3
   g - Mephitic Cloud                 Conjuration/Poison/Air       3
Comestibles
 c - 2 bread rations
 f - a meat ration
 i - 12 chunks of flesh


   Skills:
 - Level 2.0 Dodging
 - Level 2.6 Stealth
 * Level 3.7 Spellcasting
 + Level 1.8 Conjurations
   Level 1.0 Summonings
 - Level 1.0 Translocations


You had 6 spell levels left.
You knew the following spells:

 Your Spells              Type           Power        Failure   Level  Hunger
a - Magic Dart            Conj           ##..         8%          1    None
b - Blink                 Tloc           N/A          14%         2    ##.....


Dungeon Overview and Level Annotations

Branches:
Dungeon (2/15)

Altars:

Annotations:
D:1 Jessica


Innate Abilities, Weirdness & Mutations

You cannot wear most types of armour.
You are very stealthy in the water. (Stealth+)
You are amphibious.
You can wear up to eight rings at the same time.
You can use your tentacles to constrict eight enemies at once.
Your skin changes colour to match your surroundings (Stealth+).
Your rubbery body absorbs attacks. (AC +1, EV +1)


Message History

You constrict Jessica, but do no damage.
Jessica hits you but does no damage. The kobold closely misses you.
You tentacle-slap Jessica but do no damage.
Jessica is moderately wounded.
You constrict Jessica. Jessica completely misses you.
Jessica gestures at you while chanting. Pain shoots through your body!
* * * LOW HITPOINT WARNING * * *
The kobold barely misses you.
Casting: Magic Dart
Confirm with . or Enter, or press ? or * to list all spells.
Aiming: Magic Dart
Press: ? - help, Shift-Dir - straight line, f/p - Jessica
Aim: Jessica, wielding a dagger of protection and wearing a robe (heavily wounded, constricted by you, fast)
The magic dart hits Jessica.
Jessica is heavily wounded.
You constrict Jessica, but do no damage.
Jessica gestures at you while chanting. Pain shoots through your body!
You die...

##.#.#.#### #.#....+.
#.#.#.# #.#..###.
#.....# #.##.####
##..### #.....#.#
########..####
#####..#.
#............# #.#.#
#............# #..#.
#.......K.@..# #.#.#
#........@...# #..#.
#............# #.#.#
#............# #..#.
#...........)# #.#.#
#...÷........# #....
### #............#
##### ..#
#............#
..######÷...........#
....................#


You could see Jessica and a kobold.

Vanquished Creatures
  An ooze (D:1)
  2 dart slugs (D:1)
  A bat (D:1)
  A giant cockroach (D:1)
  2 goblins
  2 hobgoblins (D:1)
  4 jackals (D:1)
  2 frilled lizards (D:1)
  4 rats (D:1)
19 creatures vanquished.

Notes
Turn   | Place    | Note
-------+----------+-------------------------------------------
     0 | D:1      | MirrMurr the Octopode Wizard began the quest for the Orb.
     0 | D:1      | Reached XP level 1. HP: 11/11 MP: 4/4
   261 | D:1      | Reached XP level 2. HP: 17/17 MP: 0/6
   969 | D:1      | Learned a level 2 spell: Blink
  1138 | D:1      | Reached XP level 3. HP: 21/21 MP: 5/8
  1259 | D:2      | Noticed Jessica
  1270 | D:1      | HP: 1/21 [Jessica/nerve-wracking pain (6)]
  1271 | D:1      | Killed from afar by Jessica

Vault maps used:
D:1:      ncdulo_watergridlock
D:2:      makhleb_grotto_becter, uniq_jessica

Action                   || total
-------------------------++-------
Melee: Unarmed           ||    27
       Constrict         ||     4
       Tentacles         ||     1
 Cast: Magic Dart        ||    46
  Eat: Chunk             ||     1
Armor: Skin              ||     5
Dodge: Dodged            ||    17
